 Dungeon Crawl Stone Soup version 0.24.0-37-gcf1ca852f1 (webtiles) character file.

Game seed: 6191854613544151133, levelgen mode: deterministic

182 Mesmaeker13 the Conjurer (level 5, -3/30 HPs)
             Began as a Deep Elf Conjurer on Dec 4, 2019.
             Slain by Grinder (5 damage)
             ... on level 2 of the Dungeon.
             The game lasted 00:04:08 (2799 turns).

Mesmaeker13 the Conjurer (Deep Elf Conjurer)        Turns: 2799, Time: 00:04:09

Health: -3/30      AC:  5    Str: 10    XL:     5   Next: 34%
Magic:  12/14      EV: 20    Int: 25    God:
Gold:   164        SH:  4    Dex: 20    Spells: 7/13 levels left

rFire    + . .     SeeInvis .   b - +0 spear
rCold    + . .     Gourm    .   (no shield)
rNeg     . . .     Faith    .   a - +0 robe
rPois    +         Spirit   .   g - +1 helmet
rElec    +         Reflect  .   (no cloak)
rCorr    +         Harm     .   o - +0 pair of gloves
MR       .....     Clarity  +   (no boots)
Stlth    +++.......             (no amulet)
HPRegen  0.10/turn              l - ring of resist corrosion
MPRegen  0.14/turn              h - +4 ring of intelligence

@: mighty, agile, about to teleport, resistant, flying
A: large bone plates 1, clarity, robust 1
a: no special abilities


You were on level 2 of the Dungeon.
You were hungry.

You visited 1 branch of the dungeon, and saw 3 of its levels.

You collected 164 gold pieces.

Inventory:

Hand Weapons
 b - a +0 spear (weapon)
 i - a +2 vampiric short sword
Missiles
 r - 17 poisoned darts (quivered)
Armour
 a - a +0 robe (worn)
 g - a +1 helmet (worn)
 o - a +0 pair of gloves (worn)
Jewellery
 h - a +4 ring of intelligence (right hand)
 l - a ring of resist corrosion (left hand)
Scrolls
 d - a scroll of enchant weapon {unknown}
 f - a scroll of immolation {unknown}
 j - a scroll of remove curse {unknown}
 t - a scroll of enchant armour {unknown}
Comestibles
 c - 6 rations
 p - 2 chunks of flesh


   Skills:
 + Level 4.2 Dodging
 - Level 2.4 Stealth
 + Level 4.8 Spellcasting
 + Level 5.4 Conjurations
 + Level 1.7 Hexes


You had 7 spell levels left.
You knew the following spells:

 Your Spells              Type           Power        Failure   Level  Hunger
a - Magic Dart            Conj           ####         1%          1    None
b - Searing Ray           Conj           ####..       1%          2    None
c - Dazzling Spray        Conj/Hex       ###...       6%          3    ##.....

Your spell library contained the following spells:

 Spells                   Type           Power        Failure   Level  Hunger
 Iskenderun's Mystic Bla  Conj           ####....     9%          4    ####...
 Fulminant Prism          Conj/Hex       ###.......   19%         4    ####...
 Force Lance              Conj/Tloc      ###.....     26%         4    ####...


Dungeon Overview and Level Annotations

Branches:
Dungeon (3/15)

Altars:
Kikubaaqudgha
Wu Jian
Yredelemnul

Annotations:
D:2 Grinder


Innate Abilities, Weirdness & Mutations

You are partially covered in large bone plates. (SH +4)
You possess an exceptional clarity of mind.
You are robust. (+10% HP)


Message History

You suddenly lose the ability to move!
Grinder hits you.
* * * LOW HITPOINT WARNING * * *
You writhe in agony.
* * * LOW HITPOINT WARNING * * *
You can move again.
It was a potion of flight.
You feel very buoyant.
You fly up into the air.
Grinder misses you.
Unknown command.
Grinder says, "You look like you could use a good racking."
Grinder barely misses you.
You fly upwards.
There is a stone staircase leading down here.
Unknown command.
Unknown command.
As you read the scroll labeled GUNOHA IMIRIA, it crumbles to dust.
You feel strangely unstable.
It was a scroll of teleportation.
Grinder hits you.
You die...

#....# #.# #....#
#....# #.#####....#
#....# #.....#.....
#....########.#.....
#....'........#+###.
#....#######.....##.
###'## #.....##.
#.########...(.##.
#@5.......).....+.
#)###########.###.
#.##### #.# ##
#.#...# #.#
#.#...#######.####
#.....+...........
###...#######.####
#...........####
#...########....


You could see Grinder.

Vanquished Creatures
  A jelly (D:2)
  Jessica (D:3)
  Terence (D:3)
  3 adders
  A worm (D:2)
  2 dart slugs
  2 leopard geckos
  2 orcs
  6 bats
  3 giant cockroaches
  7 hobgoblins
  7 jackals
  6 kobolds
  2 quokkas
  7 frilled lizards
  9 goblins
  10 rats
70 creatures vanquished.

Notes
Turn   | Place    | Note
-------+----------+-------------------------------------------
     0 | D:1      | Mesmaeker13 the Deep Elf Conjurer began the quest for the
                  | Orb.
     0 | D:1      | Reached XP level 1. HP: 10/10 MP: 6/6
   230 | D:1      | Reached XP level 2. HP: 11/15 MP: 5/8
   911 | D:1      | Reached XP level 3. HP: 19/19 MP: 5/10
  1028 | D:1      | Learned a level 2 spell: Searing Ray
  1084 | D:1      | You fall into a shaft and drop 1 floor!
  1262 | D:2      | Reached skill level 5 in Conjurations
  1262 | D:2      | Reached XP level 4. HP: 24/24 MP: 7/12
  1644 | D:2      | Learned a level 3 spell: Dazzling Spray
  2316 | D:3      | Found a basalt altar of Yredelemnul.
  2363 | D:3      | Found an ancient bone altar of Kikubaaqudgha.
  2365 | D:3      | Found an ornate altar of the Wu Jian Council.
  2368 | D:3      | Noticed Jessica
  2378 | D:3      | Killed Jessica
  2378 | D:3      | Reached skill level 1 in Hexes
  2378 | D:3      | Reached XP level 5. HP: 28/28 MP: 10/13
  2602 | D:3      | Noticed Terence
  2615 | D:3      | Killed Terence
  2736 | D:3      | Noticed Grinder
  2785 | D:3      | Paralysed by Grinder for 4 turns
  2792 | D:3      | Gained mutation: You are partially covered in large bone
                  | plates. (SH +4) [potion of mutation]
  2792 | D:3      | Gained mutation: You possess an exceptional clarity of
                  | mind. [potion of mutation]
  2792 | D:3      | Gained mutation: You are robust. (+10% HP) [potion of
                  | mutation]
  2793 | D:3      | Paralysed by Grinder for 3 turns
  2799 | D:2      | Slain by Grinder

Levels and vault maps discovered:
D:1:      evilmike_arrival_rings, layout_loops_ring, hangedman_decor_opposing,
          minmay_misc_feat_enclosed, minmay_misc_feat_four_crosses,
          wad_floor_pattern_untrapped, minmay_crystal_room, minmay_heptomino_d4
D:2:      minmay_chambers_of_ones, layout_basic
D:3:      layout_rooms, grunt_temple_overflow_open, uniq_terence, uniq_grinder,
          uniq_jessica

Skill      XL: |  1  2  3  4 |
---------------+-------------+-----
Dodging        | 3 4 |  4.2
Spellcasting   | 4 |  4.8
Conjurations   | 5 |  5.4
Hexes          | 1 |  1.7
Stealth        | |  2.4

Action                   |  1- 3 |  4- 6 || total
-------------------------+-------+-------++-------
Melee: Spear             |     7 |       ||     7
 Cast: Magic Dart        |    63 |    58 ||   121
       Searing Ray       |     1 |     6 ||     7
  Use: Potion            |       |     6 ||     6
       Scroll            |       |     1 ||     1
  Eat: Chunk             |     1 |     4 ||     5
Armor: Robe              |    17 |     3 ||    20
Dodge: Dodged            |    26 |    12 ||    38
